 Dungeon Crawl Stone Soup version 0.30-a0-250-g41c1d76940 (webtiles) character file.

Game seed: 3632527617716640574

372 sleeves the Cleaver (level 6, -3/51 HPs)
             Began as a Minotaur Cinder Acolyte on Oct 12, 2022.
             Was a High Priest of Ignis.
             Slain by Pikel
             ... wielding a +2 whip of freezing
              (6 damage)
             ... on level 5 of the Dungeon.
             The game lasted 00:03:02 (3310 turns).

sleeves the Cleaver (Minotaur Cinder Acolyte)       Turns: 3310, Time: 00:03:03

Health: -3/51      AC:  7    Str: 18    XL:     6   Next: 43%
Magic:  6/6        EV: 14    Int: 11    God:    Ignis [*****.]
Gold:   110        SH:  0    Dex:  8    Spells: 7/7 levels left

rFire   + . .      SeeInvis .    w - +0 war axe
rCold   . . .      Faith    .    (no shield)
rNeg    . . .      Spirit   .    h - +0 ring mail
rPois   .          Reflect  .    (helmet restricted)
rElec   .          Harm     .    n - +1 cloak
rCorr   .          Rampage  .    (no gloves)
Will    .....                    (no boots)
Stlth   ..........               (no amulet)
HPRegen 0.28/turn                p - +4 ring of evasion
MPRegen 0.10/turn                (no ring)

@: no status effects
A: horns 2, retaliatory headbutt
a: Renounce Religion, Fiery Armour, Foxfire Swarm, Rising Flame


You were on level 5 of the Dungeon.
You worshipped Ignis.
Ignis was extremely pleased with you.
You visited 1 branch of the dungeon, and saw 5 of its levels.

You collected 110 gold pieces.

Inventory:

Hand Weapons
 a - a -1 hand axe of flaming
 q - a +3 quarterstaff of chaos
   (You took it off Crazy Yiuf on level 2 of the Dungeon)
 w - a +0 war axe (weapon)
   (You took it off an orc priest on level 4 of the Dungeon)
Missiles
 t - 3 boomerangs (quivered)
Armour
 h - a +0 ring mail (worn)
   (You found it on level 1 of the Dungeon)
 n - a +1 cloak (worn)
   (You found it on level 2 of the Dungeon)
Jewellery
 p - a +4 ring of evasion (left hand)
   (You found it on level 3 of the Dungeon)
 u - a +6 ring of intelligence
   (You found it on level 4 of the Dungeon)
Wands
 l - a wand of digging (6)
   (You found it on level 2 of the Dungeon)
 s - a wand of roots (3)
   (You found it on level 4 of the Dungeon)
Scrolls
 b - 4 scrolls of noise {unknown}
 c - 7 scrolls of identify {unknown}
 e - 5 scrolls of poison {unknown}
 f - 2 scrolls of enchant weapon {unknown}
 k - a scroll of teleportation {unknown}
 o - a scroll of summoning {unknown}
 r - 2 scrolls of vulnerability {unknown}
Potions
 d - a potion of resistance {unknown}
 g - 3 potions of magic {unknown}
 i - a potion of heal wounds {unknown}
 j - a potion of curing {unknown}
 m - 3 potions of mutation {unknown}
 v - 2 potions of haste {unknown}


   Skills:
 - Level 3.6 Fighting
 + Level 8.8 Axes
 - Level 1.0 Spellcasting
 - Level 2.1 Fire Magic


You had 7 spell levels left.
You didn't know any spells.
Your spell library contained the following spells:

 Spells                   Type           Power      Damage    Failure   Level
 Scorch                   Fire           10%        2d5       34%         2
 Sting                    Tmut/Pois      0%         1d3       50%         1
 Poisonous Vapours        Pois/Air       0%         N/A       65%         2
 Olgreb's Toxic Radiance  Pois           0%         N/A       99%         4


Dungeon Overview and Level Annotations

Branches:
Dungeon (5/15)             Temple (0/1) D:5

Altars:
Cheibriados
Sif Muna

Shops:
D:4 :

Annotations:
D:5 Pikel


Innate Abilities, Weirdness & Mutations

You have a pair of horns on your head.
You reflexively headbutt those who attack you in melee.


Message History

No target in view!
No target in view!
No target in view!
No target in view!
No target in view!
A ball python comes into view.
The ball python hisses angrily.
A ball python is nearby!
A ball python is nearby!
A goblin comes into view. It is wielding a +0 dagger.
Found an escape hatch in the ceiling.
The goblin shouts!
The goblin unwields a +0 dagger.
The goblin wields a +0 sling.
The goblin shoots a sling bullet.
The sling bullet misses you.
You hit the ball python but do no damage.
The ball python bites you. The ball python grabs you.
The ball python constricts you.
The goblin shoots a sling bullet.
The sling bullet barely misses you.
You barely miss the ball python.
The ball python bites you but does no damage.
The ball python constricts you.
The goblin shoots a sling bullet.
The sling bullet hits you but does no damage.
You closely miss the ball python. The ball python bites you.
The ball python constricts you.
The goblin shoots a sling bullet.
The sling bullet hits you.
The ball python bites you but does no damage.
The ball python constricts you.
You hear a shout!
You barely miss the ball python. Your headbutt misses the ball python.
The goblin shoots a sling bullet.
The sling bullet barely misses you.
The ball python bites you but does no damage.
The ball python constricts you.
You hit the ball python. You burn the ball python.
You kill the ball python!
A hobgoblin comes into view.
The goblin shoots a sling bullet.
The sling bullet hits you.
Found a bubbling cyan potion.
The goblin unwields a +0 sling.
The goblin wields a +0 dagger.
The goblin hits you but does no damage.
You closely miss the goblin. The goblin closely misses you.
There are monsters nearby!
There are monsters nearby!
You miss the goblin. The goblin misses you.
You barely miss the goblin. You hit the hobgoblin. You burn the hobgoblin.
The hobgoblin hits you. The goblin hits you but does no damage.
You hit the hobgoblin. You burn the hobgoblin.
You kill the hobgoblin!
You hit the goblin but do no damage. The goblin hits you but does no damage.
You closely miss the goblin. Your headbutt misses the goblin.
The goblin hits you but does no damage.
You closely miss the goblin. Your headbutt misses the goblin.
The goblin hits you but does no damage.
You barely miss the goblin. The goblin hits you with a +0 dagger.
You are too injured to fight recklessly!
You are too injured to fight recklessly!
You are too injured to fight recklessly!
You are too injured to fight recklessly!
You are too injured to fight recklessly!
You are too injured to fight recklessly!
You are too injured to fight recklessly!
You are too injured to fight recklessly!
You are too injured to fight recklessly!
You are too injured to fight recklessly!
You are too injured to fight recklessly!
You are too injured to fight recklessly!
You completely miss the goblin. Your headbutt misses the goblin.
The goblin misses you.
You closely miss the goblin. The goblin hits you with a +0 dagger.
You hit the goblin. You burn the goblin.
You kill the goblin!
Things that are here:
a +0 dagger; a +0 sling
m - a bubbling cyan potion
b - 4 scrolls labelled TOISEZANETI (gained 3)
You now have 51 gold pieces (gained 6).
You now have 56 gold pieces (gained 5).
m - 2 bubbling cyan potions (gained 1)
There is an escape hatch in the ceiling here.
Found 7 stones.
Found an escape hatch in the floor.
No target in view!
Found a dagger.
You see here a +0 dagger.
n - a +1 cloak
There is a shaft here.
e - 5 scrolls labelled BIP DUICLEMEGI (gained 3)
There is a stone staircase leading down here.
Found a stone staircase leading up.
There is a stone staircase leading up here.
Found a stone staircase leading down.
No target in view!
There is a stone staircase leading down here.
A frilled lizard comes into view.
The frilled lizard hisses angrily.
A frilled lizard is nearby!
A frilled lizard is nearby!
The frilled lizard bites you.
You slash the frilled lizard! You burn the frilled lizard.
You kill the frilled lizard!
No target in view!
No target in view!
No target in view!
No target in view!
No target in view!
No target in view!
No target in view!
You now have 65 gold pieces (gained 9).
c - 5 scrolls labelled FEPHEN FICK (gained 1)
Found a leather armour.
o - a scroll labelled KUITED YJUNIAC
Found a hammer.
Found a runed translucent door.
No target in view!
No target in view!
No target in view!
No target in view!
No target in view!
No target in view!
No target in view!
Crazy Yiuf shouts!
Crazy Yiuf yells, "Walk testudinal arm!"
Crazy Yiuf flaps his cloak.
Could not explore, unopened runed door.
Could not explore, unopened runed door.
Press: ? - help, v - describe, . - travel
Here: Crazy Yiuf, wielding a +3 quarterstaff of chaos and wearing a +0 cloak (fire blocked by a runed translucent door)
The floor.
You open the door. You hit Crazy Yiuf. You burn Crazy Yiuf.
Crazy Yiuf is lightly wounded.
Crazy Yiuf says, "Fluff!"
Crazy Yiuf hits you with a +3 quarterstaff of chaos!
You resist with significant effort.
You hit Crazy Yiuf. You burn Crazy Yiuf.
Crazy Yiuf is moderately wounded.
Crazy Yiuf barely misses you.
You hit Crazy Yiuf. You burn Crazy Yiuf.
Crazy Yiuf is heavily wounded.
Crazy Yiuf barely misses you.
You slash Crazy Yiuf! You burn Crazy Yiuf.
You kill Crazy Yiuf!
Your Axes skill increases to level 6!
You have reached level 4!
You feel agile.
p - a +0 cloak
There is an open translucent door, spattered with blood here.
Things that are here:
a +3 quarterstaff of chaos; the gnoll corpse of Crazy Yiuf
q - a +3 quarterstaff of chaos You start putting on your armour.
You continue putting on your +0 cloak. x4
You finish putting on your +0 cloak.
You start removing your armour.
You continue taking off your +0 cloak. x4
You finish taking off your +0 cloak.
You start putting on your armour.
You continue putting on your +1 cloak. x5
You finish putting on your +1 cloak.
You drop a +0 cloak.
Done exploring.
Done exploring.
Done exploring.
(D) Dungeon
Where to? (Enter - D:2, ? - help)
There is an open translucent door, spattered with blood here.
Things that are here:
a +0 cloak; the gnoll corpse of Crazy Yiuf
There is a stone staircase leading down here.
You climb downwards.
The goblin shouts!
Found 4 stones.
There is a stone staircase leading up here.
A goblin is nearby!
A goblin is nearby!
A goblin is nearby!
A goblin is nearby!
You hit the goblin. You burn the goblin.
You kill the goblin!
No target in view!
No target in view!
No target in view!
No target in view!
No target in view!
No target in view!
No target in view!
No target in view!
You see here a +0 dagger.
Found a leather armour.
You now have 72 gold pieces (gained 7).
Found a stone staircase leading up.
There is a stone staircase leading up here.
Found a robe.
No target in view!
No target in view!
Found a stone staircase leading down.
No target in view!
No target in view!
c - 6 scrolls labelled FEPHEN FICK (gained 1)
A goblin comes into view. It is wielding a +0 club.
The goblin shouts!
A goblin is nearby!
You see here a +4 ring of evasion.
The goblin barely misses you.
You hit the goblin but do no damage. The goblin hits you with a +0 club.
You completely miss the goblin. Your headbutt misses the goblin.
The goblin closely misses you.
You closely miss the goblin. The goblin closely misses you.
You barely miss the goblin. You headbutt the goblin.
The goblin is moderately wounded.
The goblin hits you but does no damage.
You closely miss the goblin.
The goblin is moderately wounded.
The goblin misses you.
You hit the goblin. You burn the goblin.
You kill the goblin!
No target in view!
HP restored.
p - a +4 ring of evasion
p - a +4 ring of evasion (left hand)
You pick up a Young Poisoner's Handbook and begin reading...
You add the spells Sting, Poisonous Vapours and Olgreb's Toxic Radiance to your library.
Found a barding.
You see here a +0 barding.
Found an escape hatch in the floor.
No target in view!
No target in view!
g - 3 puce potions (gained 2)
Found a stone staircase leading down.
Found 9 stones.
There is a stone staircase leading down here.
An endoplasm comes into view.
The endoplasm quivers.
An endoplasm is nearby!
An endoplasm is nearby!
The endoplasm completely misses you. You furiously retaliate!
You headbutt the endoplasm. You slash the endoplasm! You burn the endoplasm.
You kill the endoplasm!
No target in view!
No target in view!
No target in view!
No target in view!
No target in view!
A ball python comes into view.
The ball python hisses angrily.
A ball python is nearby!
A ball python is nearby!
You hit the ball python. You burn the ball python.
You kill the ball python!
No target in view!
No target in view!
No target in view!
No target in view!
No target in view!
No target in view!
No target in view!
No target in view!
A rat comes into view.
A rat is nearby!
A rat is nearby!
An orc comes into view. It is wielding a +0 trident.
The orc shouts!
The orc moves out of view.
Found a hand axe.
The rat barely misses you.
You barely miss the rat. The rat closely misses you.
You hit the rat but do no damage. The rat barely misses you.
You closely miss the rat. The rat bites you. The orc barely misses you.
You barely miss the rat. The rat bites you but does no damage.
The orc completely misses you.
You hit the rat. You burn the rat.
You kill the rat!
The orc misses you. The orc hits you with a +0 trident.
You hit the orc. You burn the orc.
You kill the orc!
There is an open door here.
Found a stone staircase leading up.
Found an escape hatch in the ceiling.
No target in view!
No target in view!
No target in view!
You see here a +0 leather armour.
Found a stone staircase leading down.
r - a scroll labelled VOZIAR PAINAROPS A worm comes into view.
The worm closely misses you.
You slash the worm! You burn the worm. You headbutt the worm.
The worm is almost dead.
You hit the worm but do no damage.
The worm is almost dead.
The worm closely misses you.
You hit the worm but do no damage.
The worm is almost dead.
The worm misses you.
You barely miss the worm. Your headbutt misses the worm.
The worm is almost dead.
You hit the worm but do no damage.
The worm is almost dead.
The worm bites you.
You slash the worm! You burn the worm.
You kill the worm!
No target in view!
No target in view!
No target in view!
No target in view!
As you open the door, it creaks loudly!
There is an open door here.
There is a stone staircase leading up here.
A goblin comes into view. It is wielding a +0 club.
The goblin shouts!
A goblin is nearby!
The goblin misses you.
You hit the goblin. You burn the goblin.
You kill the goblin!
No target in view!
No target in view!
No target in view!
No target in view!
No target in view!
You see here a +0 club.
c - 7 scrolls labelled FEPHEN FICK (gained 1)
An orc priest comes into view. It is wielding a +0 whip.
The orc priest shouts!
You hear a shout!
An orc comes into view. It is wielding a +0 club.
An orc wizard comes into view. It is wielding a +0 dagger.
There are monsters nearby!
There are monsters nearby!
An orc comes into view. It is wielding a +0 falchion.
The orc wizard gestures wildly while chanting.
The orc wizard flickers and vanishes!
Deactivating autopickup; reactivate with Ctrl-A.
You hit the orc. You burn the orc.
You kill the orc!
You slash the orc! You burn the orc.
You kill the orc!
You barely miss the orc priest. The orc priest misses you.
You slash the orc priest! You burn the orc priest.
The orc priest is almost dead.
The orc priest hits you with a +0 whip.
You barely miss the orc priest. Your headbutt misses the orc priest.
The orc priest is almost dead.
The orc priest misses you.
You slash the orc priest! You burn the orc priest.
You kill the orc priest!
You hear some strange, mumbled words.
You are confused.
You are too confused!
You are too confused!
You are too confused!
You are too confused!
You are too confused!
You are too confused!
You are too confused!
You are too confused!
You are too confused!
You are too confused!
You are too confused!
You are too confused!
You are too confused!
You are too confused!
You are too confused!
You are too confused!
Unknown command.
You bump into the rock wall.
You bump into the rock wall.
Something hits you but does no damage.
You barely miss something. Something hits you.
You miss something. Something barely misses you.
You bump into the rock wall.
Something hits you but does no damage.
You closely miss something.
You feel less confused. Something barely misses you.
You hit something. You burn something. Your headbutt misses something.
Something barely misses you.
You hit something. You burn something. Something hits you but does no damage.
You miss something. Something hits you.
You slash something! You burn something.
Reactivating autopickup.
You feel a bit more experienced.
You have reached level 5!
Items here: )))) [[ †.
Unknown command.
Unknown command.
Unknown command.
Unknown command.
You open the door.
There is an escape hatch in the floor here.
Done exploring.
Done exploring.
Done exploring.
(D) Dungeon
Where to? (Enter - D:3, ? - help)
There is a stone staircase leading down here.
You climb downwards.
Found 15 gold pieces.
Found Har Gecsiuz's Book Shoppe.
Found a stone staircase leading down.
There is a stone staircase leading up here.
A giant cockroach is nearby!
A giant cockroach is nearby!
The giant cockroach bites you but does no damage.
You closely miss the giant cockroach.
Your headbutt misses the giant cockroach.
The giant cockroach closely misses you.
You hit the giant cockroach. You burn the giant cockroach.
The giant cockroach is heavily wounded.
The giant cockroach misses you.
You barely miss the giant cockroach. You headbutt the giant cockroach.
You kill the giant cockroach!
No target in view!
No target in view!
No target in view!
No target in view!
No target in view!
There is an entrance to Har Gecsiuz's Book Shoppe here.
You now have 87 gold pieces (gained 15).
A hound comes into view.
The hound barks!
A hound is nearby!
A hound is nearby!
You hit the hound. You burn the hound. Your headbutt misses the hound.
The hound is lightly wounded.
The hound bites you but does no damage. The hound misses you.
You closely miss the hound.
The hound is lightly wounded.
The hound bites you but does no damage.
You completely miss the hound. Your headbutt misses the hound.
The hound is lightly wounded.
The hound barely misses you.
You closely miss the hound. Your headbutt misses the hound.
The hound is lightly wounded.
The hound bites you but does no damage. The hound bites you.
You hit the hound. You burn the hound.
The hound is moderately wounded.
The hound closely misses you.
You slash the hound! You burn the hound.
You kill the hound!
Your Axes skill increases to level 7!
No target in view!
No target in view!
HP restored.
An ufetubus comes into view.
The ufetubus shouts!
An ufetubus is nearby!
An ufetubus is nearby!
A ball python comes into view.
You miss the ufetubus.
The ball python hisses angrily.
The ufetubus hits you but does no damage.
The ufetubus closely misses you.
The ufetubus hits you but does no damage.
The ufetubus closely misses you.
You closely miss the ufetubus. Your headbutt misses the ufetubus.
The ufetubus hits you but does no damage. x2
A hobgoblin comes into view.
The hobgoblin shouts!
You hit the ufetubus but do no damage. Your headbutt misses the ufetubus.
The ufetubus closely misses you. You furiously retaliate!
You headbutt the ufetubus!
You kill the ufetubus!
Found a jewelled silver wand.
You barely miss the ball python. The ball python bites you.
The ball python closely misses you.
You barely miss the ball python. The ball python closely misses you.
The ball python grabs you. The ball python constricts you.
You closely miss the ball python. The ball python barely misses you.
The ball python constricts you.
You slash the ball python! You burn the ball python.
You kill the ball python!
You hit the hobgoblin. You burn the hobgoblin. The hobgoblin misses you.
You slash the hobgoblin! You burn the hobgoblin.
You kill the hobgoblin!
No target in view!
A hobgoblin comes into view.
A hobgoblin is nearby!
The hobgoblin shouts!
A kobold comes into view. It is wielding a +0 short sword.
The kobold shouts!
The kobold throws a stone.
The stone closely misses you.
You hit the hobgoblin. You burn the hobgoblin.
You kill the hobgoblin!
The kobold throws a stone.
The stone hits you but does no damage.
You see here a hobgoblin corpse.
The kobold closely misses you.
You barely miss the kobold.
The kobold hits you with a +0 short sword.
You closely miss the kobold. Your headbutt misses the kobold.
The kobold hits you but does no damage.
You closely miss the kobold. You headbutt the kobold.
You kill the kobold!
No target in view!
No target in view!
s - a wand of roots (3)
A hobgoblin comes into view.
The hobgoblin shouts!
You closely miss the hobgoblin. The hobgoblin closely misses you.
You barely miss the hobgoblin. The hobgoblin misses you.
You furiously retaliate!
You headbutt the hobgoblin, but do no damage.
You hit the hobgoblin but do no damage. The hobgoblin closely misses you.
You hit the hobgoblin. You burn the hobgoblin.
You kill the hobgoblin!
No target in view!
No target in view!
No target in view!
No target in view!
No target in view!
Found 5 stones.
You see here 5 stones.
Found 6 stones and a ring mail. 2 gnolls come into view.
The gnoll shouts! x2; You hear a shout!
A gnoll comes into view. It is wielding a +0 club.
The gnoll moves out of view.
You hear a shout!
A gnoll comes into view. It is wielding a +0 spear.
The gnoll shouts! x2; You hear a shout!
A gnoll comes into view. It is wielding a +0 spear.
A gnoll comes into view. It is wielding a +0 halberd.
The gnoll shouts!
A gnoll comes into view. It is wielding a +0 spear.
The gnoll hits you but does no damage.
You hit the gnoll. You burn the gnoll.
The gnoll is heavily wounded.
The gnoll barely misses you. The gnoll misses you.
You hit the gnoll. You burn the gnoll.
You kill the gnoll!
A gnoll comes into view. It is wielding a +0 flail.
The gnoll barely misses you. The gnoll hits you but does no damage.
Things that are here:
a +0 whip; a gnoll corpse You hit the gnoll.
You burn the gnoll. Your headbutt misses the gnoll.
The gnoll is almost dead.
The gnoll hits you from afar with a +0 spear.
The gnoll hits you with a +0 spear.
You closely miss the gnoll. You headbutt the gnoll.
You kill the gnoll!
The gnoll misses you.
Found 7 gold pieces.
The gnoll barely misses you.
The gnoll hits you from afar with a +0 halberd!
You hit the gnoll. You burn the gnoll.
The gnoll is heavily wounded.
You hit the gnoll. You burn the gnoll. Your headbutt misses the gnoll.
The gnoll is almost dead.
The gnoll hits you with a +0 spear. The gnoll misses you.
You barely miss the gnoll.
The gnoll is almost dead.
The gnoll barely misses you. The gnoll closely misses you.
You furiously retaliate!
You headbutt the gnoll, but do no damage.
The gnoll closely misses you.
Things that are here:
a +0 whip; a gnoll corpse The gnoll barely misses you.
Things that are here:
a +0 whip; a gnoll corpse You hit the gnoll but do no damage.
Your headbutt misses the gnoll.
The gnoll is almost dead.
The gnoll misses you.
You hit the gnoll. You burn the gnoll.
You kill the gnoll!
You closely miss the gnoll. You headbutt the gnoll.
The gnoll is moderately wounded.
The gnoll barely misses you.
You closely miss the gnoll.
The gnoll is moderately wounded.
The gnoll hits you but does no damage. The gnoll completely misses you.
You barely miss the gnoll.
The gnoll is moderately wounded.
The gnoll closely misses you. You furiously retaliate!
You headbutt the gnoll. The gnoll misses you.
You barely miss the gnoll. Your headbutt misses the gnoll.
The gnoll is moderately wounded.
The gnoll closely misses you. The gnoll hits you with a +0 flail.
The gnoll misses you. The gnoll hits you with a +0 flail!
You see here a +0 spear.
You are too injured to fight recklessly!
You are too injured to fight recklessly!
You are too injured to fight recklessly!
You hit the gnoll. You burn the gnoll. You headbutt the gnoll!
The gnoll is almost dead.
You hit the gnoll but do no damage. The gnoll completely misses you.
You furiously retaliate!
You headbutt the gnoll.
You kill the gnoll!
The gnoll barely misses you.
Found a leather armour.
The gnoll closely misses you. You furiously retaliate!
You headbutt the gnoll, but do no damage.
The gnoll hits you with a +0 flail.
* * * LOW HITPOINT WARNING * * *
The gnoll hits you with a +0 club.
* * * LOW HITPOINT WARNING * * *
You see here a +0 halberd.
You barely miss the gnoll. Your headbutt misses the gnoll.
You hit the gnoll but do no damage. You hit the gnoll. You burn the gnoll.
You hit the gnoll. You burn the gnoll. The gnoll misses you.
You furiously retaliate!
You headbutt the gnoll. The gnoll hits you with a +0 flail.
* * * LOW HITPOINT WARNING * * *
The gnoll hits you with a +0 flail.
* * * LOW HITPOINT WARNING * * *
The gnoll misses you. You furiously retaliate!
You headbutt the gnoll! You hit the gnoll. You burn the gnoll.
The gnoll is severely wounded.
You hit the gnoll. You burn the gnoll. You hit the gnoll. You burn the gnoll.
You kill the gnoll!
You hit the gnoll but do no damage. The gnoll completely misses you.
You furiously retaliate!
You headbutt the gnoll!
You kill the gnoll!
The gnoll hits you but does no damage. The gnoll closely misses you.
You slash the gnoll! You burn the gnoll. You headbutt the gnoll.
You kill the gnoll!
You barely miss the gnoll. The gnoll hits you but does no damage.
Your Axes skill increases to level 8!
You hit the gnoll. You burn the gnoll.
You kill the gnoll!
Things that are here:
a +0 spear; a gnoll corpse Unknown command.
Unknown command.
Unknown command.
Unknown command.
Key pressed, stopping explore.
You see here a +0 club.
You now have 99 gold pieces (gained 12).
Things that are here:
a +0 flail; a gnoll corpse You now have 106 gold pieces (gained 7).
r - 2 scrolls labelled VOZIAR PAINAROPS (gained 1)
Found a stone staircase leading down.
You now have 110 gold pieces (gained 4).
There is a stone staircase leading down here.
Found a whip.
t - 3 boomerangs You see here 6 stones.
You see here a +0 ring mail.
A howler monkey comes into view.
Found a bubbling cyan potion.
Found a stone staircase leading up.
The howler monkey howls!
The howler monkey hoots and howls with incredible vigour!
The howler monkey barely misses you.
You slash the howler monkey! You burn the howler monkey.
The howler monkey is heavily wounded.
The howler monkey closely misses you.
You closely miss the howler monkey. You headbutt the howler monkey!
The howler monkey is almost dead.
The howler monkey barely misses you.
You hit the howler monkey. You burn the howler monkey.
You kill the howler monkey!
You have reached level 6!
You see here a howler monkey corpse.
m - 3 bubbling cyan potions (gained 1)
u - a +6 ring of intelligence
Found a stone staircase leading up.
A kobold comes into view. It is wielding a +0 short sword.
The kobold shouts!
A kobold is nearby!
The kobold hits you with a +0 short sword.
You barely miss the kobold. The kobold hits you but does no damage.
You hit the kobold but do no damage. Your headbutt misses the kobold.
The kobold hits you but does no damage.
You slash the kobold! You burn the kobold.
You kill the kobold!
No target in view!
No target in view!
No target in view!
Things that are here:
a +0 short sword; a kobold corpse
Things that are here:
a +0 short sword; a kobold corpse
Found a cloak.
Found a trident.
v - 2 glowing clear potions No target in view!
No target in view!
No target in view!
A hound comes into view.
Found a stone staircase leading down.
The hound barks!
A giant cockroach comes into view.
There are monsters nearby!
There are monsters nearby!
An endoplasm comes into view.
An adder comes into view.
The endoplasm quivers.
The adder hisses angrily.
The hound barely misses you.
You miss the hound. The hound bites you but does no damage.
You closely miss the hound. The hound barely misses you. x2
You furiously retaliate!
You headbutt the hound. You completely miss the hound.
The hound is moderately wounded.
The hound barely misses you. You furiously retaliate!
You headbutt the hound.
The giant cockroach bites you but does no damage.
You hit the hound. You burn the hound. Your headbutt misses the hound.
The hound is severely wounded.
You barely miss the giant cockroach. The hound bites you.
The giant cockroach misses you. You furiously retaliate!
You headbutt the giant cockroach, but do no damage.
You miss the hound.
The hound is severely wounded.
You barely miss the giant cockroach. You hit the adder but do no damage.
The hound misses you. The adder completely misses you.
The giant cockroach barely misses you. The hound bites you but does no damage.
You hit the hound but do no damage.
The hound is severely wounded.
You hit the adder. You burn the adder. You hit the endoplasm but do no damage.
You hit the giant cockroach. You burn the giant cockroach.
You kill the giant cockroach!
The endoplasm misses you. The adder barely misses you.
The hound barely misses you.
You hit the hound. You burn the hound.
You kill the hound!
You hit the adder. You burn the adder. You hit the endoplasm but do no damage.
The adder bites you but does no damage. The endoplasm freezes you.
You are frozen.
You closely miss the adder.
The adder is severely wounded.
You hit the endoplasm. You burn the endoplasm. The adder misses you.
You furiously retaliate!
You headbutt the adder!
You kill the adder!
The endoplasm misses you.
You hit the endoplasm. You burn the endoplasm.
You kill the endoplasm!
No target in view!
No target in view!
No target in view!
No target in view!
No target in view!
No target in view!
No target in view!
No target in view!
No target in view!
No target in view!
f - 2 scrolls labelled HANEUTUOTHY (gained 1)
You open the door.
There is an open door here.
You open the door.
There is an open door here.
Found a snail-covered altar of Cheibriados.
There is an open door here.
You open the door.
There is an open door here.
Found a shimmering blue altar of Sif Muna.
Done exploring.
Done exploring.
(D) Dungeon
Where to? (Enter - D:4, ? - help)
There is an open door here.
There is an open door here.
There is a stone staircase leading down here.
You climb downwards.
You hear the sound of rushing water.
There is an entrance to a sewer on this level.
Hurry and find it before the portal rusts away!
There is a stone staircase leading up here.
As you open the door, it creaks loudly!
A lemure comes into view.
The lemure shouts!
You hear a shout! x2
A lemure comes into view.
The lemure shouts!
You hear a shout!
Found a bubbling clear potion.
Found an escape hatch in the ceiling.
There are monsters nearby!
An orc priest, Pikel and 2 lemures come into view.
Pikel is wielding a +2 whip of freezing and carrying a wand of flame (16).
Found 8 gold pieces.
Found a staircase to the Ecumenical Temple.
The lemure shouts! x2
Pikel zaps a wand.
The puff of flame hits you. You resist.
There is an open door here.
You closely miss the orc priest. You hit the orc priest.
You burn the orc priest. Your headbutt misses the orc priest.
The orc priest is lightly wounded.
The orc priest hits you with a +0 war axe!
There is a stone staircase leading up here.
You completely miss the orc priest.
The orc priest is lightly wounded.
The orc priest hits you with a +0 war axe.
You slash the orc priest! You burn the orc priest.
The orc priest is severely wounded.
The orc priest closely misses you.
Okay, then.
The orc priest barely misses you.
You climb upwards.
There is a stone staircase leading down here.
You closely miss the orc priest. Your headbutt misses the orc priest.
The orc priest is severely wounded.
The orc priest hits you with a +0 war axe!
You hit the orc priest. You burn the orc priest.
The orc priest is almost dead.
The orc priest closely misses you.
You closely miss the orc priest.
The orc priest is almost dead.
The orc priest closely misses you.
You slash the orc priest! You burn the orc priest.
You kill the orc priest!
You start resting.
HP restored.
Things that are here:
a +0 war axe; an orc corpse
w - a +0 war axe Your -1 hand axe of flaming stops flaming.
w - a +0 war axe (weapon)
Search for what [? for help]? axe
There is a stone staircase leading down here.
You climb downwards.
You hear the sound of rushing water.
There is an entrance to a sewer on this level.
Hurry and find it before the portal rusts away!
Level annotation: Pikel You hear the slow rusting of a very distant drain.
The lemure hits you but does no damage. The lemure hits you. x2
The lemure barely misses you.
There is a stone staircase leading up here.
Unknown command.
The lemure hits you but does no damage. The lemure misses you.
The lemure barely misses you.
You climb upwards.
There is a stone staircase leading down here.
The lemure attacks as you move away! The lemure closely misses you.
The lemure misses you. The lemure attacks as you move away!
The lemure closely misses you. You furiously retaliate!
You headbutt the lemure! The lemure barely misses you.
The lemure attacks as you move away! The lemure completely misses you.
The lemure attacks as you move away! The lemure misses you.
You hit the lemure. Your headbutt misses the lemure.
The lemure is heavily wounded.
The lemure barely misses you.
You barely miss the lemure. Your headbutt misses the lemure.
The lemure is heavily wounded.
The lemure misses you. You furiously retaliate!
You headbutt the lemure, but do no damage.
You barely miss the lemure.
The lemure is heavily wounded.
The lemure hits you.
You hit the lemure.
The lemure is severely wounded.
The lemure hits you!
You hit the lemure but do no damage.
The lemure is heavily wounded.
The lemure barely misses you.
You hit the lemure but do no damage. You headbutt the lemure.
The lemure is severely wounded.
The lemure hits you but does no damage.
You hit the lemure but do no damage.
The lemure is severely wounded.
The lemure hits you!
You are too injured to fight recklessly!
You are too injured to fight recklessly!
You are too injured to fight recklessly!
You are too injured to fight recklessly!
You are too injured to fight recklessly!
You are too injured to fight recklessly!
You are too injured to fight recklessly!
You are too injured to fight recklessly!
You are too injured to fight recklessly!
You are too injured to fight recklessly!
You are too injured to fight recklessly!
You are too injured to fight recklessly!
You are too injured to fight recklessly!
You are too injured to fight recklessly!
You are too injured to fight recklessly!
You are too injured to fight recklessly!
You are too injured to fight recklessly!
You are too injured to fight recklessly!
You are too injured to fight recklessly!
You are too injured to fight recklessly!
You are too injured to fight recklessly!
You are too injured to fight recklessly!
You are too injured to fight recklessly!
You slash the lemure! You headbutt the lemure.
You kill the lemure!
That felt strangely unrewarding.
You hit the lemure but do no damage. The lemure hits you.
You hit the lemure. You headbutt the lemure!
The lemure is moderately wounded.
The lemure barely misses you.
You hit the lemure.
The lemure is heavily wounded.
The lemure barely misses you. You furiously retaliate!
You headbutt the lemure! You closely miss the lemure.
The lemure is severely wounded.
The lemure hits you.
* * * LOW HITPOINT WARNING * * *
You barely miss the lemure. You headbutt the lemure.
The lemure is severely wounded.
The lemure hits you but does no damage.
You hit the lemure but do no damage.
You headbutt the lemure, but do no damage.
The lemure is severely wounded.
The lemure hits you.
* * * LOW HITPOINT WARNING * * *
You slash the lemure!
You kill the lemure!
That felt strangely unrewarding.
The lemure hits you!
* * * LOW HITPOINT WARNING * * *
You hit the lemure but do no damage. The lemure barely misses you.
You furiously retaliate!
You headbutt the lemure! You barely miss the lemure.
Your headbutt misses the lemure.
The lemure is heavily wounded.
The lemure completely misses you. You furiously retaliate!
You headbutt the lemure. You slash the lemure! You headbutt the lemure.
You kill the lemure!
That felt strangely unrewarding.
You start resting.
Things that are here:
a +0 cloak; an adder skeleton You start resting.
HP restored.
There is a stone staircase leading down here.
You climb downwards.
You hear the sound of rushing water.
There is an entrance to a sewer on this level.
Hurry and find it before the portal rusts away!
Level annotation: Pikel You hear the rusting of a very distant drain.
The lemure barely misses you.
There is a stone staircase leading up here.
You slash the lemure!
The lemure is heavily wounded.
The lemure completely misses you. Pikel waves his whip at you.
You barely miss the lemure.
The lemure is heavily wounded.
The lemure hits you.
You miss the lemure.
The lemure is heavily wounded.
The lemure closely misses you.
You slash the lemure!
The lemure is severely wounded.
The lemure hits you but does no damage.
You slash the lemure!
You kill the lemure!
That felt strangely unrewarding.
Pikel closely misses you. You furiously retaliate!
You headbutt Pikel, but do no damage. You barely miss Pikel.
Pikel zaps a wand.
The puff of flame hits you but does no damage.
You barely miss Pikel. Pikel closely misses you.
Pikel hits you with a +2 whip of freezing.
Pikel freezes you.
You closely miss Pikel. Your punch misses Pikel.
Pikel hits you with a +2 whip of freezing.
Pikel freezes you.
You miss Pikel.
Pikel zaps a wand.
The puff of flame hits you. You resist.
You hit Pikel but do no damage. Your headbutt misses Pikel.
Pikel closely misses you.
You closely miss Pikel.
Pikel hits you with a +2 whip of freezing.
Pikel freezes you.
You are too injured to fight recklessly!
You are too injured to fight recklessly!
You are too injured to fight recklessly!
You are too injured to fight recklessly!
You are too injured to fight recklessly!
You are too injured to fight recklessly!
You are too injured to fight recklessly!
You are too injured to fight recklessly!
You are too injured to fight recklessly!
You are too injured to fight recklessly!
You are too injured to fight recklessly!
You are too injured to fight recklessly!
You are too injured to fight recklessly!
You hit Pikel. Your headbutt misses Pikel.
Pikel is lightly wounded.
You hear a shout!
A centaur comes into view.
Pikel zaps a wand.
The puff of flame hits you. You resist.
You barely miss Pikel.
Pikel is lightly wounded.
The centaur shouts!
Pikel hits you with a +2 whip of freezing.
Pikel freezes you.
You closely miss Pikel. Your headbutt misses Pikel.
Pikel is lightly wounded.
Pikel zaps a wand.
The puff of flame misses you.
You barely miss Pikel.
Pikel is lightly wounded.
Pikel zaps a wand.
The puff of flame hits you. You resist.
* * * LOW HITPOINT WARNING * * *
You closely miss Pikel.
Pikel is lightly wounded.
Pikel hits you with a +2 whip of freezing.
* * * LOW HITPOINT WARNING * * *
Pikel freezes you.
* * * LOW HITPOINT WARNING * * *
You slash Pikel!
Pikel is moderately wounded.
Pikel zaps a wand.
The puff of flame misses you.
You closely miss Pikel.
Pikel is moderately wounded.
Pikel hits you with a +2 whip of freezing.
* * * LOW HITPOINT WARNING * * *
Pikel freezes you.
* * * LOW HITPOINT WARNING * * *
Pikel attacks as you move away!
Pikel hits you with a +2 whip of freezing.
* * * LOW HITPOINT WARNING * * *
Pikel freezes you.
* * * LOW HITPOINT WARNING * * *
There is a stone staircase leading up here.
You slash Pikel! You headbutt Pikel.
Pikel is severely wounded.
Pikel says, "Hell isn't that bad."
Pikel hits you with a +2 whip of freezing.
You die...

#.# #.# #.....
..#... #.#..
#.#.. #.###.#.#
#....@#.# #
#.#####K#.##.####
........c.......+
#######+#'##.####
#.........#
#........>#
#.$.........
#...!.........
#......<......


You could see Pikel and a centaur.

Vanquished Creatures
  4 lemures
  A howler monkey (D:4)
  2 hounds (D:4)
  2 orc priests
  Crazy Yiuf (D:2)
  An orc wizard (D:3)
  9 gnolls
  An adder (D:4)
  An ufetubus (D:4)
  A worm (D:3)
  3 orcs (D:3)
  3 endoplasms
  3 giant cockroaches
  5 goblins
  5 hobgoblins
  4 quokkas
  4 ball pythons
  7 bats
  A frilled lizard (D:2)
  5 kobolds
  7 rats
70 creatures vanquished.

Vanquished Creatures (others)
  5 plants (D:1)
5 creatures vanquished.

Grand Total: 75 creatures vanquished

Notes
Turn   | Place    | Note
-------+----------+-------------------------------------------
     0 | D:1      | sleeves the Minotaur Cinder Acolyte began the quest for the
                  | Orb.
     0 | D:1      | Reached XP level 1. HP: 19/19 MP: 1/1
    56 | D:1      | Reached skill level 4 in Axes
   137 | D:1      | Reached XP level 2. HP: 26/26 MP: 2/2
   270 | D:1      | Found a faded altar of an unknown god.
   475 | D:1      | Reached skill level 5 in Axes
   565 | D:1      | Reached XP level 3. HP: 29/31 MP: 3/3
  1519 | D:2      | Found a runed translucent door.
  1520 | D:2      | Noticed Crazy Yiuf
  1613 | D:2      | Killed Crazy Yiuf
  1614 | D:2      | Reached skill level 6 in Axes
  1614 | D:2      | Reached XP level 4. HP: 28/39 MP: 4/4
  2266 | D:3      | Reached XP level 5. HP: 43/45 MP: 5/5
  2383 | D:4      | Found Har Gecsiuz's Book Shoppe.
  2436 | D:4      | Reached skill level 7 in Axes
  2586 | D:4      | HP: 21/45 [gnoll/+0 flail (5)]
  2590 | D:4      | Reached skill level 8 in Axes
  2842 | D:4      | Reached XP level 6. HP: 51/51 MP: 6/6
  3006 | D:4      | Found a snail-covered altar of Cheibriados.
  3018 | D:4      | Found a shimmering blue altar of Sif Muna.
  3044 | D:5      | Entered Level 5 of the Dungeon
  3050 | D:5      | Found a staircase to the Ecumenical Temple.
  3050 | D:5      | Noticed Pikel
  3160 | D:4      | HP: 25/51 [lemure[Pikel] (5)]
  3305 | D:5      | HP: 24/51 [Pikel/puff of flame (2)]
  3308 | D:5      | HP: 10/51 [Pikel/+2 whip of freezing (2)]
  3309 | D:5      | HP: 4/51 [Pikel/+2 whip of freezing (6)]
  3310 | D:5      | Slain by Pikel

Illustrated notes

Levels and vault maps discovered:
D:1:      roderic_crop_circles_arrival_small, layout_loops_corners,
          basic_ecumenical_altar, roderic_malta_cross, nrook_mini_vaults,
          minmay_tiny_reverse_x
D:2:      layout_basic, uniq_crazy_yiuf_cottage
D:3:      layout_basic, chequers_serial_rivers_room_b
D:4:      layout_rooms, amethyst_overflow_temple_binary, nicolae_stop_n_shop_1
D:5:      layout_basic, minmay_temple_entry_proselytizer, portal_sewer_entry_f,
          uniq_pikel

Skill      XL: |  1  2  3  4  5 |
---------------+----------------+-----
Axes           | 4 5 6 8 |  8.8
Fighting       | |  3.6
Spellcasting   | |  1.0
Fire Magic     | |  2.1

Action                   |  1- 3 |  4- 6 || total
-------------------------+-------+-------++-------
Melee: Hand axe          |    70 |   101 ||   171
       Headbutt          |     4 |    16 ||    20
       War axe           |       |    37 ||    37
Armor: Robe              |    10 |       ||    10
       Ring mail         |    11 |    32 ||    43
Dodge: Dodged            |    46 |   105 ||   151

Table legend: (Time is in decaauts)
 A = Elapsed time spent in this place.
 B = Non-inter-level travel time spent in this place.
 C = Inter-level travel time spent in this place.
 D = Time resting spent in this place.
 E = Time spent auto-exploring this place.
 F = Levels seen in this place.
 G = Mean time per level.
                   A        B        C        D        E       F      G
               +--------+--------+--------+--------+--------+-----+--------+
         Total |   3310 |   3210 |    100 |    181 |   2551 |   5 |  662.0 |
       Dungeon |   3310 |   3210 |    100 |    181 |   2551 |   5 |  662.0 |
               +--------+--------+--------+--------+--------+-----+--------+

Top non-repeatable levels by time:
     D:1: 928 daAuts
     D:4: 885 daAuts
     D:2: 776 daAuts
     D:3: 681 daAuts
     D:5: 39 daAuts
